 Dungeon Crawl Stone Soup version 0.29-a0-472-ge5599a681e (webtiles) character file.

Game seed: 13583825686515275868

602 bande the Covered (level 7, 0/44 HPs)
             Began as a Gargoyle Fighter on May 23, 2022.
             Was an Initiate of Okawaru.
             Slain by an orc warrior
             ... wielding a +0 long sword
              (11 damage)
             ... on level 4 of the Dungeon.
             The game lasted 00:08:49 (4783 turns).

bande the Covered (Gargoyle Fighter)                Turns: 4783, Time: 00:08:50

Health: 0/44       AC: 17    Str: 20    XL:     7   Next: 41%
Magic:  0/7        EV:  4    Int: 13    God:    Okawaru [......]
Gold:   265        SH: 12    Dex: 11    Spells: 6/6 levels left

rFire   . . .      SeeInvis .   a - +1 war axe
rCold   x . .      Faith    .   b - +0 tower shield of Waonanni {rCorr}
rNeg    + + .      Spirit   +   x - +0 chain mail
rPois   ∞          Reflect  .   r - +0 helmet
rElec   +          Harm     .   (no cloak)
rCorr   +          Rampage  .   s - +0 pair of gloves
Will    +....                   (no boots)
Stlth   ..........              n - amulet of guardian spirit
HPRegen 0.14/turn               t - ring of Discretion {rC- rN+ Will+ Int+5}
MPRegen 0.10/turn               (no ring)

@: mighty
A: sickness immunity, AC +4, negative energy resistance 1, electricity
resistance, torment resistance 1, petrification resistance
a: Renounce Religion


You were on level 4 of the Dungeon.
You worshipped Okawaru.
Okawaru was noncommittal.
You visited 2 branches of the dungeon, and saw 5 of its levels.

You collected 265 gold pieces.

Inventory:

Hand Weapons
 a - a +1 war axe (weapon)
 u - a +1 hand axe of flaming
Armour
 b - the +0 tower shield of Waonanni (worn) {rCorr}
   (You found it on level 4 of the Dungeon)

   rCorr:     It protects you from acid and corrosion.
 c - a +0 buckler
 r - a +0 helmet (worn)
 s - a +0 pair of gloves (worn)
 x - a +0 chain mail (worn)
Jewellery
 n - an amulet of guardian spirit (around neck)
 t - the ring of Discretion (left hand) {rC- rN+ Will+ Int+5}
   (You found it on level 3 of the Dungeon)

   [ring of willpower]

   Int:       It affects your intelligence (+5).
   rC:        It makes you vulnerable to cold.
   rN:        It protects you from negative energy.
   Will:      It increases your willpower.
 z - a +6 ring of strength
Wands
 i - a wand of flame (8)
 q - a wand of iceblast (6)
 v - a wand of digging (5)
 y - a wand of mindburst (5)
Scrolls
 g - 2 scrolls of teleportation
 o - 2 scrolls of enchant weapon
 A - a scroll of fog {unknown}
Potions
 d - a potion of might
 e - 2 potions of berserk rage {unknown}
 f - 3 potions of curing
 h - 2 potions of brilliance {unknown}
 j - a potion of attraction {unknown}
 k - a potion of flight {unknown}
 l - 2 potions of mutation {unknown}
 m - a potion of heal wounds {unknown}
 p - a potion of haste {unknown}
 w - a potion of magic {unknown}


   Skills:
 + Level 4.7 Fighting
 + Level 4.6 Axes
 + Level 5.2 Armour
 - Level 0.1 Stealth
 + Level 4.2 Shields
 * Level 2.1 Evocations


You had 6 spell levels left.
You didn't know any spells.
Your spell library contained the following spells:

 Spells                   Type           Power      Damage    Failure   Level
 Apportation              Tloc           0%         N/A       100%        1
 Magic Dart               Conj           0%         1d3       100%        1
 Necrotize                Necr           0%         1d4       100%        1
 Conjure Flame            Conj/Fire      0%         6-21      100%        3
 Ignite Poison            Fire/Tmut/Pois 0%         N/A       100%        3
 Mephitic Cloud           Conj/Pois/Air  0%         N/A       100%        3
 Airstrike                Air            0%         N/A       100%        4
 Sticky Flame             Conj/Fire      0%         2d3       100%        4
 Lightning Bolt           Conj/Air       0%         1d11      100%        5
 Summon Small Mammal      Summ           Unusable   N/A       N/A         1
 Call Imp                 Summ           Unusable   N/A       N/A         2
 Summon Lightning Spire   Summ/Air       Unusable   N/A       N/A         4

Dungeon Overview and Level Annotations

Branches:
Dungeon (4/15)             Temple (1/1) D:4

Altars:
Ashenzari
Cheibriados
Dithmenos
Fedhas
Hepliaklqana
Okawaru
Ru
Uskayaw
Vehumet
Wu Jian
Xom
Yredelemnul
Zin

Annotations:
D:4 2 runed translucent doors


Innate Abilities, Weirdness & Mutations

You are immune to sickness and miasma.
Your stone body is resilient. (AC +4)
You are immune to poison.
You resist negative energy. (rN+)
You are resistant to electric shocks. (rElec)
You are resistant to unholy torment.
You are immune to petrification.


Message History

You block the orc warrior's attack.
The orc warrior hits you but does no damage.
You hit the orc warrior but do no damage.
The orc warrior is lightly wounded.
You block the orc warrior's attack. The orc warrior completely misses you.
You slash the orc warrior!
The orc warrior is moderately wounded.
The orc warrior hits you with a +0 long sword.
You barely miss the orc warrior.
The orc warrior is moderately wounded.
You block the orc warrior's attack.
The orc warrior hits you with a +0 long sword.
You completely miss the orc warrior.
The orc warrior is moderately wounded.
The orc warrior hits you with a +0 long sword! x2
You hit the orc warrior but do no damage.
The orc warrior is moderately wounded.
You block the orc warrior's attack.
You hit the orc warrior.
The orc warrior is moderately wounded.
You block the orc warrior's attack.
The orc warrior hits you with a +0 long sword!
* * * LOW HITPOINT WARNING * * *
You hit the orc warrior.
The orc warrior is heavily wounded.
The orc warrior hits you with a +0 long sword.
* * * LOW HITPOINT WARNING * * *
You block the orc warrior's attack.
You hit the orc warrior but do no damage.
The orc warrior is heavily wounded.
You block the orc warrior's attack.
You feel better.
The orc warrior hits you with a +0 long sword.
* * * LOW HITPOINT WARNING * * *
You feel very mighty all of a sudden.
The orc warrior hits you but does no damage.
You closely miss the orc warrior.
The orc warrior is heavily wounded.
The orc warrior hits you with a +0 long sword!
You die...

......#########.#####
#...................#
......####.####.######
..##..## #.# #......##
..##...# #.####.......##
..##...###.............#
.....................#.#
..####...............#.#
..# #..######..#@#####.#
..# #.##....##.#o# #.#
..###.#.####.#.#F#####.##
......#...#.##..........#
..###.#.#.##.'.##''##...#
..###.#.##.#####8..8##..#
..##..##.#.}# #8....8#..#
.......###### #$....|#.##
..###..###### #:....?#.#


You could see an orc warrior and a bullfrog.

Vanquished Creatures
  A water moccasin (D:4)
  A scorpion (D:4)
  A killer bee (D:4)
  A jelly (D:4)
  2 orc priests (D:4)
  An iguana (D:4)
  Jessica (D:2)
  Terence (D:3)
  Natasha (thrice) (D:2)
  Robin (D:2)
  4 adders
  An ufetubus (D:3)
  2 worms (D:4)
  2 dart slugs (D:3)
  3 orcs
  13 ball pythons
  7 endoplasms
  7 giant cockroaches
  10 goblins
  8 hobgoblins
  3 jackals
  A quokka (D:3)
  3 bats
  6 frilled lizards
  6 kobolds
  7 rats
96 creatures vanquished.

Vanquished Creatures (others)
  48 plants (D:2)
48 creatures vanquished.

Grand Total: 144 creatures vanquished

Notes
Turn   | Place    | Note
-------+----------+-------------------------------------------
     0 | D:1      | bande the Gargoyle Fighter began the quest for the Orb.
     0 | D:1      | Reached XP level 1. HP: 14/14 MP: 1/1
   230 | D:1      | Reached XP level 2. HP: 8/19 MP: 2/2
   776 | D:1      | Found a faded altar of an unknown god.
  1075 | D:2      | Noticed Jessica
  1081 | D:2      | Killed Jessica
  1082 | D:2      | Reached XP level 3. HP: 3/24 MP: 3/3
  1361 | D:2      | Reached skill level 4 in Armour
  1361 | D:2      | Reached XP level 4. HP: 27/29 MP: 4/4
  1426 | D:2      | Noticed Natasha
  1429 | D:2      | Killed Natasha
  1540 | D:2      | Noticed Natasha
  1548 | D:2      | Killed Natasha
  1549 | D:2      | Reached XP level 5. HP: 33/33 MP: 5/5
  1693 | D:2      | Noticed Robin
  1715 | D:2      | Killed Robin
  2239 | D:2      | Noticed Natasha
  2255 | D:2      | Killed Natasha
  2734 | D:3      | Identified the ring of Discretion {rC- rN+ Will+ Int+5}
  2754 | D:3      | Noticed Terence
  2764 | D:3      | Killed Terence
  2885 | D:3      | Reached XP level 6. HP: 30/39 MP: 6/6
  3084 | D:3      | Reached skill level 1 in Evocations
  3380 | D:4      | Identified the +0 tower shield of Waonanni {rCorr}
  3487 | D:4      | Found a large runed translucent door.
  3578 | D:4      | Found a large runed translucent door.
  3578 | D:4      | Found a large runed translucent door.
  3605 | D:4      | Noticed a water moccasin
  3616 | D:4      | Killed a water moccasin
  3617 | D:4      | Reached skill level 5 in Armour
  3617 | D:4      | Reached XP level 7. HP: 29/44 MP: 5/7
  3749 | D:4      | Found a large runed translucent door.
  4310 | D:4      | Found a snail-covered altar of Cheibriados.
  4352 | D:4      | Found a staircase to the Ecumenical Temple.
  4497 | Temple   | Entered the Ecumenical Temple
  4638 | Temple   | Became a worshipper of Warmaster Okawaru
  4783 | D:4      | Slain by an orc warrior

Illustrated notes

Levels and vault maps discovered:
D:1:      dpeg_arrival_windows_large_door, layout_loops_cross,
          basic_ecumenical_altar, minmay_tromino_v2
D:2:      layout_rooms, serial_bayou, serial_bayou_pond_c, serial_bayou_lake_a,
          serial_bayou_lagoon_a, serial_bayou_pond_b, uniq_natasha, uniq_robin,
          uniq_jessica
D:3:      minmay_chambers_of_twos, layout_rooms, uniq_terence
D:4:      layout_basic, nicolae_overflow_hidden_temple,
          minmay_temple_entry_poolview, minmay_hollow_rounded_squares
Temple:   roderic_octagonal_lattice_temple

Skill      XL: |  1  2  3  4  5  6  7 |
---------------+----------------------+-----
Axes           | 2 3 4 |  4.6
Armour         | 4 5 |  5.2
Fighting       | 4 |  4.7
Evocations     | 1 2 |  2.1
Shields        | 4 |  4.2
Stealth        | |  0.1

Action                   |  1- 3 |  4- 6 |  7- 9 || total
-------------------------+-------+-------+-------++-------
Melee: War axe           |    60 |   175 |    61 ||   296
  Use: Scroll            |     2 |     6 |       ||     8
       Potion            |       |       |     2 ||     2
Armor: Scale mail        |    42 |    88 |       ||   130
       Chain mail        |       |    17 |    52 ||    69
Dodge: Dodged            |    33 |    73 |     6 ||   112
Block: Buckler           |    14 |    42 |       ||    56
       Tower shield      |       |    21 |    56 ||    77

Table legend: (Time is in decaauts)
 A = Elapsed time spent in this place.
 B = Non-inter-level travel time spent in this place.
 C = Inter-level travel time spent in this place.
 D = Time resting spent in this place.
 E = Time spent auto-exploring this place.
 F = Levels seen in this place.
 G = Mean time per level.
                   A        B        C        D        E       F      G
               +--------+--------+--------+--------+--------+-----+--------+
         Total |   4989 |   4893 |     96 |   1315 |   2663 |   5 |  997.8 |
       Dungeon |   4826 |   4742 |     84 |   1315 |   2541 |   4 | 1206.5 |
        Temple |    162 |    150 |     12 |      0 |    122 |   1 |  162.0 |
               +--------+--------+--------+--------+--------+-----+--------+

Top non-repeatable levels by time:
     D:2: 1657 daAuts
     D:4: 1523 daAuts
     D:1: 1064 daAuts
     D:3: 580 daAuts
  Temple: 162 daAuts
